 Dungeon Crawl Stone Soup version 0.18-a0-917-g8a3da5b (webtiles) character file.

107 George the Cudgeler (level 4, 0/28 HPs)
             Began as a Gargoyle Fighter on Dec 26, 2015.
             Killed by nerve-wracking pain
             ... invoked by an orc priest
              (6 damage)
             ... on level 3 of the Dungeon.
             The game lasted 00:04:28 (2339 turns).

George the Cudgeler (Gargoyle Fighter)              Turns: 2339, Time: 00:04:28

Health: 0/28       AC: 13    Str: 19    XL:     4   Next: 85%
Magic:  4/4        EV:  5    Int:  9    God:
Gold:   86         SH:  9    Dex: 10    Spells: 0 memorised, 3 levels left

rFire  . . .     SeeInvis .     a - +0 flail
rCold  . . .     Gourm    .     t - +0 chain mail (curse)
rNeg   + . .     Faith    .     c - +0 shield
rPois  ∞         Spirit   .     (no helmet)
rElec  +         Dismiss  .     p - +0 cloak
rCorr  .         Reflect  .     (no gloves)
SustAt .         Harm     .     (no boots)
MR     +....                    l - amulet of rage
Stlth  ..........               (no ring)
                                h - ring of protection from magic

@: starving, somewhat resistant to hostile enchantments, extremely unstealthy
A: negative energy resistance 1, electricity resistance, unbreathing,
petrification resistance, rot immunity, AC +3
a: Evoke Berserk Rage


You were on level 3 of the Dungeon.
You were starving.

You visited 1 branch of the dungeon, and saw 3 of its levels.

You collected 86 gold pieces.

Inventory:

Hand Weapons
 a - a +0 flail (weapon)
Armour
 c - a +0 shield (worn)
 p - a +0 cloak (worn)
 t - a cursed +0 chain mail (worn)
Jewellery
 h - a ring of protection from magic (left hand)
 l - an amulet of rage (around neck)
Scrolls
 g - 6 scrolls of identify {unknown}
 j - 2 scrolls of random uselessness {unknown}
 k - a scroll of blinking {unknown}
 m - 4 scrolls of teleportation {unknown}
 n - a scroll of fog {unknown}
 o - a scroll of recharging {unknown}
 q - a scroll of remove curse {unknown}
 s - a scroll of fear {unknown}
Potions
 d - 3 potions of might
Comestibles
 f - 4 bread rations
 i - a royal jelly
 r - a meat ration


   Skills:
 - Level 3.2 Fighting
 + Level 4.8 Maces & Flails
 - Level 3.2 Armour
 - Level 3.2 Shields


You had 3 spell levels left.
You didn't know any spells.

Dungeon Overview and Level Annotations

Branches:
Dungeon (3/15)

Altars:
Kikubaaqudgha

Annotations:
D:2 dig
D:3 filipzpl's ghost, amateur MfTm


Innate Abilities, Weirdness & Mutations

You are resistant to torment.
Your stone body is resilient (AC +3).
You are immune to poison.
You resist negative energy.
You are resistant to electric shocks.
You can survive without breathing.
You are immune to petrification.
You are immune to rotting.


Message History

The orc priest is severely wounded.
The orc priest looks braver for a moment.
You barely miss the orc priest.
The orc priest is severely wounded.
The orc priest hits you but does no damage.
You closely miss the orc priest.
The orc priest is severely wounded.
The orc priest hits you but does no damage.
You closely miss the orc priest.
The orc priest is severely wounded.
You block the orc priest's attack.
You closely miss the orc priest.
The orc priest is severely wounded.
You block the orc priest's attack.
You closely miss the orc priest.
The orc priest is severely wounded.
The orc priest hits you but does no damage.
The orc priest calls down the wrath of Beogh upon you.
Pain shoots through your body!
You die...

#.....#.........#
####......###...#
######.# #...# #[# #####
#####.####
#.[......###############
#................)......
#.......o###########.###
#......@.# #.#
#........###########o#
#...............##.o.###
#...............##.#...$
#####.##................
#....#..########.#?.
#....#..# ..#..
#...!.##.# ###..
#.....##.# .


You could see an orc priest.

Vanquished Creatures
  An orc priest (D:3)
  2 adders (D:2)
  An ooze (D:1)
  A worm (D:2)
  A giant gecko (D:3)
  2 orcs (D:3)
  7 bats
  2 giant cockroaches
  7 goblins
  5 hobgoblins
  7 jackals (D:1)
  3 kobolds
  2 giant newts (D:1)
  4 rats
45 creatures vanquished.

Vanquished Creatures (others)
  A human (D:2)
1 creature vanquished.

Grand Total: 46 creatures vanquished

Notes
Turn   | Place    | Note
--------------------------------------------------------------
     0 | D:1      | George the Gargoyle Fighter began the quest for the Orb.
     0 | D:1      | Reached XP level 1. HP: 14/14 MP: 1/1
   139 | D:1      | Reached XP level 2. HP: 12/19 MP: 2/2
   199 | D:1      | Reached XP level 3. HP: 15/23 MP: 3/3
   899 | D:2      | Reached skill level 4 in Maces & Flails
  1116 | D:2      | Found an ancient bone altar of Kikubaaqudgha.
  1121 | D:2      | Noticed a human
  1122 | D:2      | Killed a human
  1208 | D:2      | Reached XP level 4. HP: 23/28 MP: 4/4
  1402 | D:3      | Noticed filipzpl's ghost (amateur MfTm)
  1742 | D:3      | Found a faded altar to an unknown god.
  1769 | D:3      | HP: 1/28 [orc/dagger (2)]
  1815 | D:3      | HP: 1/28 [filipzpl's ghost (5)]
  1830 | D:3      | HP: 1/28 [filipzpl's ghost (1)]
  2339 | D:3      | Killed from afar by an orc priest

Vault maps used:
D:1:      eino_arrival_water_star
D:2:      lemuel_upstairs_altar, first_bread, tgw_kikubaaqudgha
D:3:      ecumenical_altar_1, serial_forest, infiniplex_forest_end_2,
          infiniplex_forest_clump_diagonal, infiniplex_forest_clump_tiny,
          infiniplex_forest_clump_small, infiniplex_forest_end_double,
          infiniplex_forest_clump_double, infiniplex_forest_straight_2,
          minivault_27

Action                   |  1- 3 |  4- 6 || total
-------------------------+-------+-------++-------
Melee: Flail             |   161 |   109 ||   270
  Eat: Chunk             |       |     3 ||     3
